 Dungeon Crawl Stone Soup version 0.29.1-15-g9cfb28693d (webtiles) character file.

Game seed: 15910248603415954954

74 booth the Chopper (level 4, -2/34 HPs)
             Began as a Demonspawn Gladiator on Mar 11, 2023.
             Killed by nerve-wracking pain
             ... invoked by Jessica
              (13 damage)
             ... on level 2 of the Dungeon.
             The game lasted 00:08:54 (2149 turns).

booth the Chopper (Demonspawn Gladiator)            Turns: 2149, Time: 00:08:54

Health: -2/34      AC:  3    Str: 16    XL:     4   Next: 10%
Magic:  4/4        EV: 12    Int: 10    God:
Gold:   56         SH:  0    Dex: 14    Spells: 3/3 levels left

rFire   . . .      SeeInvis .   a - +1 war axe
rCold   . . .      Faith    .   (no shield)
rNeg    . . .      Spirit   .   b - +0 leather armour
rPois   .          Reflect  .   (helmet restricted)
rElec   .          Harm     .   (no cloak)
rCorr   .          Rampage  .   (no gloves)
Will    .....                   (no boots)
Stlth   +.........              (no amulet)
HPRegen 0.11/turn               (no ring)
MPRegen 0.09/turn               (no ring)

@: lethally poisoned (-2 -> -6)
A: horns 1, demonic guardian 1
a: no special abilities


You were on level 2 of the Dungeon.
You visited 1 branch of the dungeon, and saw 2 of its levels.

You collected 56 gold pieces.

Inventory:

Hand Weapons
 a - a +1 war axe (weapon)
Missiles
 d - 4 throwing nets (quivered)
 e - a javelin
 f - 2 atropa-tipped darts
 m - 3 poisoned darts
Armour
 b - a +0 leather armour (worn)
Scrolls
 i - a scroll of fear {unknown}
 l - a scroll of immolation {unknown}
 n - a scroll of brand weapon {unknown}
Potions
 c - a potion of brilliance
 g - a potion of curing {unknown}
 j - a potion of attraction {unknown}
 k - a potion of might {unknown}


   Skills:
 + Level 2.7 Fighting
 + Level 3.2 Axes
 + Level 2.5 Throwing
 + Level 3.2 Dodging


You had 3 spell levels left.
You didn't know any spells.
Your spell library was empty.

Dungeon Overview and Level Annotations

Branches:
Dungeon (2/15)

Altars:

Annotations:
D:2 Jessica


Innate Abilities, Weirdness & Mutations

You have a pair of small horns on your head.
A weak demonic guardian rushes to your aid.


Message History

The bat hits you but does no damage.
The kobold hits you with a +0 short sword.
The kobold closely misses you.
You closely miss the kobold.
The kobold is heavily wounded.
The bat hits you but does no damage. The kobold barely misses you.
You slash the kobold!
You kill the kobold!
The bat hits you but does no damage.
Jessica the Apprentice Sorceress comes into view.
She is wielding a +2 dagger of venom.
The bat hits you but does no damage.
Things that are here:
a +0 short sword; a kobold corpse You barely miss the bat.
The bat hits you but does no damage. x2
The bat misses you.
You slash the bat!
You kill the bat!
You see here a hobgoblin corpse.
You see here a hobgoblin corpse.
You barely miss Jessica.
Jessica hits you with a +2 dagger of venom.
A demonic guardian appears!
You are poisoned.
You closely miss Jessica. Your headbutt misses Jessica.
You feel very sick. Jessica casts a spell at you.
Pain shoots through your body!
Your white imp misses Jessica.
Jessica misses you.
You barely miss Jessica. You headbutt Jessica.
Jessica is moderately wounded.
You feel sick.
Your white imp gestures at Jessica.
The puff of frost hits Jessica!
Jessica completely misses your white imp.
You closely miss Jessica.
Jessica is almost dead.
You feel sick.
Your white imp barely misses Jessica.
Jessica points at you and mumbles some strange words.
Pain shoots through your body!
You die...

###.###..........#....###.#
#.# ....# ###.....#.#...<#
#....##.# #.###
#.....#.#....###.##.##.#
#.# ###.###..........# ##.#
#.# #.# ###.......## #..
#.# #.#####.##.#..# #.# ..#
#............#.# ..#
#.########.##.##.## ..#
#.....!.@@5.#.# ## .##
#####.####)#...# .# #.
#...#.## .# #. ...@..... .#
# #@##.!.#.### .# #.
##.##.# .## .. ..# # ..## .
..# ...##.## #.#


You could see Jessica (ally target) and a friendly white imp (summoned).

Vanquished Creatures
  An adder (D:2)
  A worm (D:2)
  3 dart slugs
  6 endoplasms
  A giant cockroach (D:2)
  4 goblins
  9 hobgoblins
  6 jackals (D:1)
  2 quokkas (D:1)
  5 ball pythons (D:1)
  4 bats
  A frilled lizard (D:1)
  3 kobolds
  4 rats (D:1)
50 creatures vanquished.

Notes
Turn   | Place    | Note
-------+----------+-------------------------------------------
     0 | D:1      | booth the Demonspawn Gladiator began the quest for the Orb.
     0 | D:1      | Reached XP level 1. HP: 16/16 MP: 1/1
   429 | D:1      | Gained mutation: You have a pair of small horns on your
                  | head. [demonic ancestry]
   429 | D:1      | Reached XP level 2. HP: 22/22 MP: 2/2
  1159 | D:1      | Reached XP level 3. HP: 24/28 MP: 3/3
  1253 | D:1      | Found a faded altar of an unknown god.
  2011 | D:2      | Gained mutation: A weak demonic guardian rushes to your
                  | aid. [demonic ancestry]
  2011 | D:2      | Reached XP level 4. HP: 34/34 MP: 4/4
  2136 | D:2      | Noticed Jessica
  2149 | D:2      | Killed from afar by Jessica

Illustrated notes

Levels and vault maps discovered:
D:1:      elethiomel_arrival_infinity_welcomes_careful_drivers, layout_basic,
          hellmonk_ecumenical_altar_arch_garden, amcnicky_mini_pool_small,
          minmay_misc_feat_cross
D:2:      layout_loops_ring, uniq_jessica

Skill      XL: |  1  2 |
---------------+-------+-----
Throwing       | 2 |  2.5
Axes           | 3 |  3.2
Dodging        | 3 |  3.2
Fighting       | |  2.7

Action                   |  1- 3 |  4- 6 || total
-------------------------+-------+-------++-------
Melee: War axe           |   100 |    18 ||   118
       Punch             |     1 |       ||     1
       Headbutt          |     5 |     1 ||     6
Throw: Javelin           |     1 |       ||     1
  Use: Scroll            |     1 |     2 ||     3
Armor: Leather armour    |    27 |     9 ||    36
Dodge: Dodged            |    70 |    11 ||    81
